 Dungeon Crawl Stone Soup version 0.31-a0-152-g6aa68a64a1 (webtiles) character file.

Game seed: 4029197468538077747

1338 qw the Skirmisher (level 8, -7/51 HPs)
             Began as a Gargoyle Hunter on June 10, 2023.
             Mangled by a boulder beetle (22 damage)
             ... on level 6 of the Dungeon.
             The game lasted 00:01:47 (4796 turns).

qw the Skirmisher (Gargoyle Hunter)                 Turns: 4796, Time: 00:01:47

Health: -7/51      AC: 11    Str: 21    XL:     8   Next: 61%
Magic:  8/8        EV: 11    Int: 10    God:
Gold:   287        SH:  0    Dex: 15    Spells: 7/7 levels left

rFire   . . .        Y - +3 shortbow
rCold   . . .        (shield currently unavailable)
rNeg    + . .        l - +0 ring mail
rPois   inf          (no helmet)
rElec   +            (no cloak)
rCorr   .            (no gloves)
SInv    .            (no boots)
Will    .....        (no amulet)
Stlth   +            g - +6 ring of strength
HPRegen 0.28/turn    (no ring)
MPRegen 0.11/turn

%: no passive effects
@: no status effects
A: sickness immunity, AC +5, negative energy resistance 1, electricity
resistance, torment resistance 1, petrification resistance
a: no special abilities


You were on level 6 of the Dungeon.
You visited 1 branch of the dungeon, and saw 6 of its levels.
You visited the Abyss 1 time.

You collected 287 gold pieces.


Innate Abilities, Weirdness & Mutations

You are immune to sickness and miasma.
Your stone body is resilient. (AC +5)
You are immune to poison.
You resist negative energy. (rN+)
You are resistant to electric shocks. (rElec)
You are resistant to unholy torment.
You are immune to petrification.


   Skills:
 - Level 6.0 Fighting
 + Level 9.2 Ranged Weapons
 - Level 2.7 Armour
 - Level 2.0 Dodging
 - Level 1.1 Stealth


You had 7 spell levels left.
You didn't know any spells.
Your spell library was empty.

Inventory:

Hand Weapons
 Y - a +3 shortbow (weapon)
Armour
 l - a +0 ring mail (worn)
 n - a scarf of harm
Jewellery
 g - a +6 ring of strength (left hand)
Scrolls
 i - 2 scrolls of teleportation
 o - a scroll of amnesia {unknown}
Potions
 a - a potion of mutation {unknown}
 b - a potion of cancellation
 c - a potion of curing {unknown}
 d - a potion of lignification {unknown}
 e - 2 potions of haste {unknown}
 f - a potion of attraction {unknown}
 h - a potion of ambrosia {unknown}
 j - a potion of might
 k - a potion of heal wounds {unknown}
 m - a potion of magic {unknown}

Dungeon Overview and Level Annotations

Branches:
Dungeon (6/15)
 Temple: D:4-7

Altars:
Dithmenos
Elyvilon
Kikubaaqudgha
Yredelemnul


Message History

Enter note: You now have 287 gold pieces (gained 12).
You open the door.
There is an open door here.
There is an open door here.
You open the door.
There is an open door here.
A phantom and a boulder beetle come into view.
Enter note:
Enter note:
Enter note:
Enter note:
Enter note:
Enter note: You shoot an arrow.
The arrow hits the phantom.
The phantom is lightly damaged.
You shoot an arrow.
The arrow hits the boulder beetle but does no damage.
You shoot an arrow. The arrow hits the phantom.
The phantom is moderately damaged.
You shoot an arrow.
The arrow hits the phantom but does no damage.
The phantom is moderately damaged.
You shoot an arrow. The arrow misses the phantom.
The boulder beetle curls into a ball and begins rolling!
You shoot an arrow.
The arrow hits the phantom but does no damage.
The phantom is moderately damaged.
The phantom completely misses you.
You shoot an arrow. The arrow barely misses the phantom.
The phantom hits you but does no damage.
You shoot an arrow. The arrow hits the phantom.
The phantom is heavily damaged.
The boulder beetle hits you!!!
Ouch! That really hurt!
The boulder beetle stops rolling and uncurls.
The phantom hits you but does no damage.
You shoot an arrow. The arrow closely misses the phantom.
The boulder beetle bites you!!
You die...

###..##..##..######..###..#######
.+.......#............'....#...#.
.#.......'............#..).+...'.
##...######...<.###..###..####[##
##...######.....###..####'####.##
.............>...#...............
.................+...............
##..##'#########'###.####...#####
######.### #@# #.# #...#
#....#.....WB......#.....
#....#.............#...... .
#....#.............#....... .
#....#.............#.........
####..##....###.####.#
#.....######## .# #
##...........# .. #...........#


You could see a boulder beetle and a phantom.

Vanquished Creatures
  Menkaure (D:4)
  3 ice beasts
  2 ogres
  A kobold brigand (D:6)
  2 scorpions (D:5)
  An orc priest (D:4)
  3 iguanas (D:5)
  6 orc wizards
  4 adders
  18 gnolls
  2 shadow imps (D:5)
  An ufetubus (D:5)
  A worm (D:5)
  A dart slug (D:2)
  21 orcs
  4 bats
  5 endoplasms
  A giant cockroach (D:1)
  11 hobgoblins
  4 jackals
  4 quokkas
  4 ball pythons
  3 frilled lizards
  5 goblins
  4 kobolds
  7 rats
119 creatures vanquished.

Notes
Turn   | Place    | Note
-------+----------+-------------------------------------------
     0 | D:1      | qw the Gargoyle Hunter began the quest for the Orb.
     0 | D:1      | Reached XP level 1. HP: 12/12 MP: 1/1
     0 | D:1      | 0 ||| qw: Version: 0.2-a-29-g767f381
     0 | D:1      | 0 ||| qw: Game counter: 3912
     0 | D:1      | 0 ||| qw: Always use a shield: true
     0 | D:1      | 0 ||| qw: God list: Okawaru
     0 | D:1      | 0 ||| qw: Allow faded altars: false
     0 | D:1      | 0 ||| qw: Do Orc after D:15 true
     0 | D:1      | 0 ||| qw: Do second Lair branch before Depths: true
     0 | D:1      | 0 ||| qw: Lair rune preference: random
     0 | D:1      | 0 ||| qw: Plans: Normal, Zot:1-4, Slime:5, God:TSO, Crypt,
                  | Tomb, Abyss, Pan, Hells, Win
     0 | D:1      | 0 ||| PLANNING D:1-11
    35 | D:1      | 35 ||| READING 3 scrolls labelled MISOPR KUASS.
    40 | D:1      | 40 ||| READING 2 scrolls of enchant weapon.
    40 | D:1      | 40 ||| ENCHANTING +1 shortbow.
    41 | D:1      | 41 ||| READING scroll of enchant weapon.
    41 | D:1      | 41 ||| ENCHANTING +2 shortbow.
    47 | D:1      | 47 ||| DROPPING scroll of butterflies.
    55 | D:1      | 55 ||| Stepping ~*~*~tactically~*~*~ (water).
    61 | D:1      | Reached XP level 2. HP: 17/17 MP: 2/2
   706 | D:1      | 706 ||| READING scroll labelled SAUCISM NIJEAH.
   707 | D:1      | 707 ||| DRINKING 2 coppery potions.
   732 | D:2      | Reached XP level 3. HP: 21/21 MP: 3/3
   781 | D:2      | Reached skill level 5 in Ranged Weapons
  1058 | D:2      | Reached skill level 3 in Fighting
  1060 | D:2      | 1060 ||| FLEEEEING.
  1061 | D:2      | 1061 ||| FLEEEEING.
  1062 | D:2      | 1062 ||| FLEEEEING.
  1063 | D:2      | 1063 ||| FLEEEEING.
  1070 | D:2      | Reached XP level 4. HP: 19/28 MP: 4/4
  1071 | D:2      | 1071 ||| FLEEEEING.
  1072 | D:2      | 1072 ||| FLEEEEING.
  1073 | D:2      | 1073 ||| FLEEEEING.
  1074 | D:2      | 1074 ||| FLEEEEING.
  1075 | D:2      | 1075 ||| FLEEEEING.
  1076 | D:2      | 1076 ||| FLEEEEING.
  1077 | D:2      | 1077 ||| FLEEEEING.
  1078 | D:2      | 1078 ||| FLEEEEING.
  1083 | D:2      | 1083 ||| FLEEEEING.
  1084 | D:2      | 1084 ||| FLEEEEING.
  1089 | D:2      | 1089 ||| FLEEEEING.
  1090 | D:2      | 1090 ||| FLEEEEING.
  1398 | D:2      | Found a shadowy altar of Dithmenos.
  1663 | D:2      | 1663 ||| UPGRADING to +6 ring of strength.
  1703 | D:3      | Reached XP level 5. HP: 32/32 MP: 5/5
  1705 | D:3      | Reached skill level 6 in Ranged Weapons
  1749 | D:3      | 1749 ||| Stepping ~*~*~tactically~*~*~ (outnumbered).
  2237 | D:3      | 2237 ||| READING scroll labelled OXAES ETIYTS.
  2238 | D:3      | 2238 ||| READING scroll labelled WONNEZETROCS.
  2339 | D:4      | Noticed Menkaure
  2346 | D:4      | Killed Menkaure
  2347 | D:4      | Reached XP level 6. HP: 28/38 MP: 6/6
  2590 | D:4      | Reached skill level 7 in Ranged Weapons
  2660 | D:4      | Reached XP level 7. HP: 30/43 MP: 7/7
  2737 | D:4      | 2737 ||| Stepping ~*~*~tactically~*~*~ (outnumbered).
  2739 | D:4      | 2739 ||| Stepping ~*~*~tactically~*~*~ (outnumbered).
  3032 | D:4      | Found a basalt altar of Yredelemnul.
  3438 | D:4      | 3438 ||| READING 2 scrolls labelled PUFUPLE FAUH VACS.
  3443 | D:4      | 3443 ||| READING scroll labelled WACLIO CITU.
  3475 | D:5      | Entered Level 5 of the Dungeon
  3488 | D:5      | Reached skill level 8 in Ranged Weapons
  3640 | Abyss:1  | Cast into level 1 of the Abyss (gnoll)
  3641 | Abyss:1  | 3641 ||| UPGRADING to +0 ring mail.
  3651 | Abyss:1  | 3651 ||| DROPPING +0 leather armour.
  3652 | Abyss:1  | 3652 ||| READING scroll labelled MEPUMPA GOSH.
  3655 | Abyss:1  | Found a corrupted altar of Lugonu.
  3660 | D:5      | Escaped the Abyss
  3665 | D:5      | Reached skill level 1 in Armour
  4009 | D:5      | Reached XP level 8. HP: 38/49 MP: 8/8
  4109 | D:5      | Reached skill level 9 in Ranged Weapons
  4276 | D:6      | 4276 ||| Stepping ~*~*~tactically~*~*~ (outnumbered).
  4304 | D:6      | Reached skill level 6 in Fighting
  4317 | D:6      | 4317 ||| FLEEEEING.
  4324 | D:6      | 4324 ||| STAIRDANCE
  4430 | D:6      | Found an ancient bone altar of Kikubaaqudgha.
  4439 | D:6      | Found a white marble altar of Elyvilon.
  4787 | D:6      | Noticed a boulder beetle
  4796 | D:6      | Mangled by a boulder beetle

Levels and vault maps discovered:
D:1:      tarquinn_simple_flora_water_d, layout_basic, serial_bayou_lagoon_a
D:2:      layout_basic, basic_altar, dreamdust_princess_bridge,
          roderic_serpentine_path, solitary_fountain, minmay_liquid_box
D:3:      layout_basic
D:4:      layout_basic, mainiacjoe_overflow_small_starburst, uniq_menkaure
D:5:      layout_basic
D:6:      layout_gridville, amethyst_overflow_temple_binary,
          jmf_multi_god_temple2

Skill      XL: |  1  2  3  4  5  6  7  8 |
---------------+-------------------------+-----
Ranged Weapons | 5 6 7 8 9 |  9.2
Fighting       | 3 4 5 6 |  6.0
Dodging        | 2 |  2.0
Armour         | 1 2 |  2.7
Stealth        | |  1.1

Action                     |  1- 3 |  4- 6 |  7- 9 || total
---------------------------+-------+-------+-------++-------
   Fire: Shortbow          |    77 |   104 |   219 ||   400
    Use: Scroll            |     4 |     2 |     3 ||     9
         Potion            |     1 |       |       ||     1
 Armour: Leather armour    |    10 |    11 |     9 ||    30
         Ring mail         |       |       |    62 ||    62
  Dodge: Dodged            |    11 |    30 |    44 ||    85

Table legend:
 A = Non-vault XP
 B = Vault XP
 C = Vault XP percentage of total XP
 D = Non-vault monster count
 E = Vault monster count
 F = Vault count percentage of total count
                 A         B        C        D         E       F
            +---------+---------+-------+---------+---------+-------
      Total |    1743 |     169 |   8.8 |     118 |       1 |   0.8
            +---------+---------+-------+---------+---------+-------
        D:1 |      31 |       0 |   0.0 |      21 |       0 |   0.0
        D:2 |      98 |       0 |   0.0 |      23 |       0 |   0.0
        D:3 |     159 |       0 |   0.0 |      19 |       0 |   0.0
        D:4 |     263 |     169 |  39.1 |      17 |       1 |   5.6
        D:5 |     699 |       0 |   0.0 |      23 |       0 |   0.0
        D:6 |     493 |       0 |   0.0 |      15 |       0 |   0.0
            +---------+---------+-------+---------+---------+-------
